 Dungeon Crawl Stone Soup version 0.30-a0-989-g0d87f670db (webtiles) character file.

Game seed: 13080050192966516811

5546 jtron the Spear-Bearer (level 10, -4/150 HPs)
             Began as an Ogre Monk on Apr 2, 2023.
             Was a Priest of Kikubaaqudgha.
             Slain by a wraith (9 damage)
             ... led by Josephine
             ... on level 10 of the Dungeon.
             The game lasted 00:33:11 (10613 turns).

jtron the Spear-Bearer (Ogre Monk)                 Turns: 10613, Time: 00:33:11

Health: -4/150     AC:  8    Str: 17    XL:     10   Next: 71%
Magic:  17/17      EV: 11    Int: 19    God:    Kikubaaqudgha [***...]
Gold:   1067       SH:  0    Dex: 13    Spells: 11/19 levels left

rFire   . . .      SeeInvis .    b - +5 scythe "Finisher" {speed, eviscerate}
rCold   . . .      Faith    .    (shield currently unavailable)
rNeg    . . .      Spirit   .    j - +1 robe
rPois   .          Reflect  .    (helmet restricted)
rElec   .          Rampage  .    (no cloak)
rCorr   .                        (gloves unavailable)
Will    +....                    (boots unavailable) Stlth
                                 (no amulet)
HPRegen 0.45/turn                A - +6 ring of intelligence
MPRegen 0.15/turn                x - +4 ring of protection

@: berserking, very quick
A: large, unfitting armour, tough skin 1
a: Renounce Religion, Unearth Wretches


You were on level 10 of the Dungeon.
You worshipped Kikubaaqudgha.
Kikubaaqudgha was most pleased with you.
You visited 2 branches of the dungeon, and saw 11 of its levels.

You collected 1550 gold pieces.
You spent 483 gold pieces at shops.

Inventory:

Hand Weapons
 a - a +0 arbalest
 b - the +5 scythe "Finisher" (weapon) {speed, eviscerate}
   (You acquired it on level 8 of the Dungeon)
 q - a +0 sling
 z - a +0 halberd
 F - a +4 spear
 I - a +2 glaive of venom
Missiles
 h - 72 stones
 u - 9 boomerangs (quivered)
 K - 3 boomerangs of dispersal
Armour
 j - a +1 robe (worn)
Magical Staves
 c - a staff of fire
Jewellery
 d - an amulet of magic regeneration
 o - a ring of resist corrosion
 r - a ring of protection from fire
 x - a +4 ring of protection (right hand)
 A - a +6 ring of intelligence (left hand)
 C - a ring of protection from fire
Wands
 m - a wand of digging (8)
 s - a wand of roots (28)
 t - a wand of polymorph (9)
 B - a wand of charming (7)
Scrolls
 f - a scroll of immolation
 k - 2 scrolls of enchant armour
 l - 2 scrolls of teleportation
 y - 2 scrolls of poison
 G - a scroll of brand weapon {unknown}
 H - 2 scrolls of blinking
 J - a scroll of magic mapping
 M - 2 scrolls of amnesia {unknown}
Potions
 e - a potion of brilliance {unknown}
 g - 2 potions of attraction
 i - a potion of lignification {unknown}
 p - 4 potions of mutation
 v - 2 potions of degeneration {unknown}
 w - 3 potions of cancellation
 D - 2 potions of heal wounds {unknown}
 E - 2 potions of magic {unknown}


   Skills:
 + Level 6.5 Fighting
 + Level 12.3 Polearms
 + Level 3.0 Ranged Weapons
 - Level 4.0 Dodging
 + Level 2.5 Stealth
 * Level 5.1 Spellcasting
 * Level 4.4 Necromancy


You had 11 spell levels left.
You knew the following spells:

 Your Spells              Type           Power      Damage    Failure   Level
a - Necrotise             Necr           84%        1d8       1%          1
b - Vampiric Draining     Necr           21%        2d7       6%          3
c - Dispel Undead         Necr           21%        3d11      19%         4

Your spell library contained the following spells:

 Spells                   Type           Power      Damage    Failure   Level
 Kiss of Death            Conj/Necr      52%        2d9       4%          1
 Cigotuvi's Dreadful Rot  Necr/Pois/Air  20%        N/A       10%         2
 Apportation              Tloc           8%         N/A       12%         1
 Beastly Appendage        Tmut           8%         N/A       12%         1
 Summon Small Mammal      Summ           16%        N/A       12%         1
 Ensorcelled Hibernation  Hex/Ice        8%         N/A       19%         2
 Passwall                 Tmut/Erth      3%         N/A       19%         2
 Wereblood                Tmut           4%         N/A       19%         2
 Ignite Poison            Fire/Tmut/Pois 4%         N/A       36%         3
 Inner Flame              Hex/Fire       4%         N/A       36%         3
 Spider Form              Tmut/Pois      4%         N/A       36%         3
 Stone Arrow              Conj/Erth      8%         3d7       36%         3
 Swiftness                Air            4%         N/A       36%         3
 Agony                    Necr           21%        N/A       47%         5
 Sticky Flame             Conj/Fire      4%         2d3       77%         4
 Borgnjor's Vile Clutch   Necr/Erth      6%         N/A       80%         5
 Death Channel            Necr           10%        N/A       96%         6
 Arcjolt                  Conj/Air       2%         1d12      98%         5
 Starburst                Conj/Fire      2%         6d3       100%        6
 Ignition                 Fire           2%         3d3       100%        8


Dungeon Overview and Level Annotations

Branches:
Dungeon (10/15)            Temple (1/1) D:5            Lair (0/5) D:9
    Orc: D:9-12

Altars:
Ashenzari
Cheibriados
Elyvilon
Fedhas
Hepliaklqana
Kikubaaqudgha
Makhleb
Nemelex Xobeh
Okawaru
Ru
Sif Muna
Trog
Uskayaw
Vehumet
Wu Jian
Xom
Yredelemnul
The Shining One

Shops:
D:1 [   D:2 !   D:7 =   D:8 (

Annotations:
D:8 1 runed translucent door, Mahakala's ghost, novice GrMo


Innate Abilities, Weirdness & Mutations

You are too large for most types of armour.
You have tough skin. (AC +1)


Message History

A ghostly fireball appears from out of thin air!
The ghostly flame explodes!
The ghostly fireball engulfs you!
You feel drained.
* * * LOW HITPOINT WARNING * * *
The ghostly fireball engulfs something.
Okay, then.
Unknown command.
Unknown command.
A red film seems to cover your vision as you go berserk!
You feel yourself moving faster!
You feel mighty!
You hear some strange, mumbled words.
A ghostly fireball appears from out of thin air!
The ghostly flame explodes!
The ghostly fireball engulfs you!
You feel drained.
* * * LOW HITPOINT WARNING * * *
The ghostly fireball engulfs something.
You puncture something! Something hits you!
* * * LOW HITPOINT WARNING * * *
You slice something!! You slash something! Kikubaaqudgha accepts your kill.
Reactivating autopickup.
You feel a bit more experienced.
Your life force feels restored.
Your Ranged Weapons skill increases to level 3!
Your Spellcasting skill increases to level 5!
You puncture the wraith!
The wraith is moderately damaged.
You impale the wraith!!
The wraith is almost destroyed.
The wraith hits you.
* * * LOW HITPOINT WARNING * * *
You closely miss the wraith.
The wraith is almost destroyed.
You hit the wraith.
The wraith is almost destroyed.
The wraith barely misses you.
You closely miss the wraith.
The wraith is almost destroyed.
The wraith hits you!
You die...
Kikubaaqudgha rasps: "You have failed me!
Welcome... death!"

#W###..........#
#ยง)....#########
####...#######
#.#..)...o.#
####W#.#####.o....
#oo.o..# ###..#
#W###### +# #W#
#@# #.# ... .###.
#. .# # #


You could see 2 wraiths, an orc wizard and an orc.

Vanquished Creatures
  Josephine (D:10)
  A two-headed ogre (D:9)
  Maurice (D:8)
  Maggie (D:9)
  An unseen horror (D:10)
  A wraith (D:10)
  3 yaks (D:8)
  2 ice beasts
  3 sky beasts
  3 orc warriors
  A centaur (D:7)
  A scorpion (D:5)
  5 wights (D:7)
  8 killer bees
  11 orc priests
  A jelly (D:7)
  2 hounds
  2 gnoll boudas
  4 iguanas
  A sleepcap (D:7)
  Natasha (thrice) (D:4)
  12 orc wizards
  A mummy (D:6)
  13 gnolls
  10 adders
  A white imp (D:7)
  2 ufetubi (D:5)
  A worm (D:2)
  3 dart slugs
  44 orcs
  9 ball pythons
  11 endoplasms
  A giant cockroach (D:1)
  10 goblins
  10 hobgoblins
  2 jackals (D:1)
  7 kobolds
  A quokka (D:1)
  6 bats
  6 frilled lizards
  An orc zombie (D:5)
  4 rats
  A rat zombie (D:5)
212 creatures vanquished.

Vanquished Creatures (collateral kills)
  An ufetubus (D:6)
  3 orcs
4 creatures vanquished.

Grand Total: 216 creatures vanquished

Notes
Turn   | Place    | Note
-------+----------+-------------------------------------------
     0 | D:1      | jtron the Ogre Monk began the quest for the Orb.
     0 | D:1      | Reached XP level 1. HP: 24/24 MP: 1/1
   133 | D:1      | Reached XP level 2. HP: 30/32 MP: 2/2
   572 | D:1      | Reached XP level 3. HP: 31/40 MP: 3/3
   662 | D:1      | Found Yptac's Antique Armour Shop.
   672 | D:1      | Bought a robe for 18 gold pieces
  1123 | D:2      | Reached skill level 1 in Ranged Weapons
  1245 | D:2      | Reached XP level 4. HP: 49/49 MP: 4/4
  1284 | D:2      | Found Horaor's Distillery.
  1292 | D:2      | Bought a potion of curing for 33 gold pieces
  1487 | D:2      | Found a basalt altar of Yredelemnul.
  1917 | D:3      | Reached skill level 4 in Polearms
  1917 | D:3      | Reached XP level 5. HP: 55/55 MP: 5/5
  2452 | D:3      | Learned a level 1 spell: Necrotise
  3023 | D:4      | Noticed Natasha
  3031 | D:4      | Killed Natasha
  3032 | D:4      | Reached XP level 6. HP: 58/63 MP: 6/6
  3066 | D:4      | Noticed Natasha
  3083 | D:4      | Killed Natasha
  3319 | D:4      | Reached skill level 5 in Polearms
  3495 | D:4      | Noticed Natasha
  3517 | D:4      | Killed Natasha
  3705 | D:4      | Identified 3 scrolls of acquirement
  3705 | D:4      | Acquired 1054 gold pieces
  3747 | D:5      | Entered Level 5 of the Dungeon
  3959 | D:5      | Reached skill level 6 in Polearms
  3959 | D:5      | Reached XP level 7. HP: 58/71 MP: 7/7
  4080 | D:5      | Found a sand-covered staircase.
  4084 | D:5      | Found a staircase to the Ecumenical Temple.
  4112 | Temple   | Entered the Ecumenical Temple
  4163 | Temple   | Became a worshipper of Kikubaaqudgha
  4163 | Temple   | Reached * piety under Kikubaaqudgha
  4163 | Temple   | Received a gift from Kikubaaqudgha
  4163 | Temple   | Reached ** piety under Kikubaaqudgha
  4987 | D:6      | Reached skill level 7 in Polearms
  4987 | D:6      | Reached skill level 1 in Spellcasting
  5209 | D:6      | Reached skill level 1 in Necromancy
  5449 | D:6      | Reached XP level 8. HP: 73/79 MP: 10/10
  5583 | D:6      | Found a snail-covered altar of Cheibriados.
  5813 | D:6      | Reached skill level 8 in Polearms
  5909 | D:7      | Found Esorchuenk's Jewellery Emporium.
  5912 | D:7      | Bought a +6 ring of intelligence for 432 gold pieces
  6355 | D:7      | Reached skill level 9 in Polearms
  7015 | D:7      | Reached XP level 9. HP: 12/85 MP: 12/12
  7228 | D:6      | Acquired a +2 glaive of venom
  7341 | D:7      | Reached skill level 10 in Polearms
  7680 | D:7      | Learned a level 3 spell: Vampiric Draining
  7961 | D:8      | Found a runed translucent door.
  7963 | D:8      | Noticed Mahakala's ghost (novice GrMo)
  7964 | D:8      | Noticed a catoblepas
  8000 | D:8      | Noticed Maurice
  8046 | D:8      | Killed Maurice
  8056 | D:8      | Acquired the +5 scythe "Finisher" {speed, eviscerate}
  8056 | D:8      | Found the +5 scythe "Finisher" {speed, eviscerate}
  8197 | D:8      | Reached skill level 11 in Polearms
  8360 | D:8      | Reached skill level 5 in Fighting
  8477 | D:8      | Got Litod's Compilation of Glowing Concussion
  8527 | D:8      | Found Cutoabiy's Antique Weapon Boutique.
  8583 | D:8      | Reached *** piety under Kikubaaqudgha
  8583 | D:8      | Received a gift from Kikubaaqudgha
  8591 | D:8      | Learned a level 4 spell: Dispel Undead
  9060 | D:8      | Reached XP level 10. HP: 71/96 MP: 14/16
  9170 | D:9      | Found a staircase to the Lair.
  9269 | D:9      | Found a hide-covered altar of Uskayaw.
  9423 | D:9      | Noticed a two-headed ogre
  9440 | D:9      | Killed a two-headed ogre
  9704 | D:9      | Noticed Maggie
  9713 | D:9      | Killed Maggie
 10282 | D:10     | Entered Level 10 of the Dungeon
 10465 | D:10     | Killed an unseen horror
 10466 | D:10     | Reached skill level 12 in Polearms
 10569 | D:10     | Noticed Josephine
 10606 | D:10     | HP: 5/129 [something (7)]
 10608 | D:10     | Killed Josephine
 10609 | D:10     | Reached skill level 5 in Spellcasting
 10613 | D:10     | Slain by a wraith

Illustrated notes

Levels and vault maps discovered:
D:1:      mrwooster_arrival_arrow, layout_basic, serial_shops,
          nicolae_shop_advertising_works [nicolae_subvault_shop_adworks]
D:2:      layout_basic, serial_shops, shop, basic_altar, minivault_27,
          minmay_tetromino_i4
D:3:      kb_forest_paths, layout_basic, grunt_decor_fettered,
          kennysheep_generic_room_2
D:4:      layout_rooms, uniq_natasha
D:5:      layout_gridville, temple_fountains, enter_ossuary_3
D:6:      layout_rooms, slow_altar_1
D:7:      layout_basic, serial_shops, nicolae_shop_stone
D:8:      layout_loops_ring, ebering_ghost_inner_flame, serial_shops, shop,
          uniq_maurice
D:9:      layout_loops_ring, overflow_temple_1_default, lair_entry_dummy,
          nicolae_figureground_sparkle, uniq_maggie
D:10:     layout_loops_ring, nicolae_overflow_hidden_temple, enter_bailey_3,
          serial_shops, kennysheep_mini, nicolae_shop_statue_plus,
          nicolae_shop_hallway_stairs, uniq_grum, uniq_psyche, uniq_gastronok,
          uniq_josephine
Temple:   hellmonk_temple_of_storms

Skill      XL: |  1  2  3  4  5  6  7  8  9 10 |
---------------+-------------------------------+-----
Dodging        | 3 4 |  4.0
Ranged Weapons | 1 3 |  3.0
Polearms       | 4 6 7 9 11 12 | 12.3
Spellcasting   | 1 2 4 5 |  5.1
Necromancy     | 1 2 3 4 |  4.4
Stealth        | 2 |  2.5
Fighting       | 5 6 |  6.5

Action                     |  1- 3 |  4- 6 |  7- 9 | 10-12 || total
---------------------------+-------+-------+-------+-------++-------
  Melee: Spear             |    98 |   198 |   172 |       ||   468
         Punch             |     1 |     3 |     3 |       ||     7
         Halberd           |       |    74 |    51 |       ||   125
         Scythe            |       |       |    79 |    81 ||   160
         Glaive            |       |       |    32 |       ||    32
   Fire: Sling             |    40 |    51 |     5 |       ||    96
         Arbalest          |       |       |    98 |     8 ||   106
  Throw: Stone             |       |     6 |       |       ||     6
         Throwing net      |       |     1 |       |       ||     1
         Boomerang         |       |     2 |    16 |     6 ||    24
   Cast: Necrotise         |       |       |    16 |     3 ||    19
  Evoke: Wand              |       |       |     2 |       ||     2
    Use: Potion            |     1 |     3 |     5 |     5 ||    14
         Scroll            |       |     2 |    14 |     3 ||    19
   Stab: Sleeping          |       |     4 |     2 |       ||     6
         Held in net/web   |       |     1 |       |       ||     1
         Invisible         |       |       |     8 |       ||     8
 Armour: Robe              |    26 |    72 |   133 |    22 ||   253
  Dodge: Dodged            |    64 |   124 |   170 |    35 ||   393

Table legend: (Time is in decaauts)
 A = Elapsed time spent in this place.
 B = Non-inter-level travel time spent in this place.
 C = Inter-level travel time spent in this place.
 D = Time resting spent in this place.
 E = Time spent auto-exploring this place.
 F = Levels seen in this place.
 G = Mean time per level.
                   A        B        C        D        E       F      G
               +--------+--------+--------+--------+--------+-----+--------+
         Total |  10657 |  10135 |    522 |   2112 |   5908 |  11 |  968.8 |
       Dungeon |  10585 |  10099 |    486 |   2112 |   5886 |  10 | 1058.5 |
        Temple |     71 |     35 |     36 |      0 |     22 |   1 |   71.0 |
               +--------+--------+--------+--------+--------+-----+--------+

Top non-repeatable levels by time:
     D:7: 1793 daAuts
     D:3: 1299 daAuts
     D:6: 1284 daAuts
     D:9: 1225 daAuts
     D:8: 1125 daAuts
     D:1: 1091 daAuts
     D:5: 1071 daAuts
     D:4: 743 daAuts
     D:2: 616 daAuts
    D:10: 333 daAuts
  Temple: 71 daAuts
